 Seeded DCSS version 0.30-a0-540-g0af01429fa (webtiles) character file.

Game seed: 7699610741405272615 (custom seed)

14 purpskrrrp the Sneak (level 2, -3/18 HPs)
             Began as a Kobold Brigand on Dec 25, 2022.
             Slain by a goblin
             ... wielding a +0 club
              (4 damage)
             ... on level 1 of the Dungeon.
             The game lasted 00:00:52 (226 turns).

purpskrrrp the Sneak (Kobold Brigand)                Turns: 226, Time: 00:00:52

Health: -3/18      AC:  2    Str:  8    XL:     2   Next: 55%
Magic:  2/2        EV: 14    Int: 12    God:
Gold:   11         SH:  0    Dex: 16    Spells: 1/1 levels left

rFire   . . .      SeeInvis .    a - +2 dagger
rCold   . . .      Faith    .    (no shield)
rNeg    . . .      Spirit   .    b - +0 robe
rPois   .          Reflect  .    (no helmet)
rElec   .          Harm     .    i - scarf {repulsion}
rCorr   .          Rampage  .    (no gloves)
Will    .....                    (no boots)
Stlth   ++++                     (no amulet)
HPRegen 0.23/turn                (no ring)
MPRegen 0.08/turn                (no ring)

@: repel missiles
A: small, no large weapons, nightstalker 3
a: no special abilities


You were on level 1 of the Dungeon.
You visited 1 branch of the dungeon, and saw 1 of its levels.

You collected 11 gold pieces.

Inventory:

Hand Weapons
 a - a +2 dagger (weapon)
Missiles
 d - 9 poisoned darts
 e - a curare-tipped dart
Armour
 b - a +0 robe (worn)
 c - a +0 cloak
 i - a scarf of repulsion (worn)
Scrolls
 f - a scroll of identify {unknown}
 g - a scroll of torment {unknown}
 h - a scroll of immolation {unknown}


   Skills:
 + Level 2.4 Fighting
 * Level 3.3 Short Blades
 - Level 2.1 Throwing
 + Level 1.6 Dodging
 + Level 5.5 Stealth


You had one spell level left.
You didn't know any spells.
Your spell library contained the following spells:

 Spells                   Type           Power      Damage    Failure   Level
 Shock                    Conj/Air       0%         1d3       32%         1
 Swiftness                Air            0%         N/A       69%         3
 Airstrike                Air            0%         2d(0-16)  97%         4


Dungeon Overview and Level Annotations

Branches:
Dungeon (1/15)

Altars:


Innate Abilities, Weirdness & Mutations

You are small and have problems with some larger weapons.
You are completely attuned to the shadows.


Message History

You are too injured to fight recklessly!
You are too injured to fight recklessly!
You are too injured to fight recklessly!
You are too injured to fight recklessly!
You are too injured to fight recklessly!
You are too injured to fight recklessly!
You are too injured to fight recklessly!
You are too injured to fight recklessly!
You are too injured to fight recklessly!
You are too injured to fight recklessly!
The bat attacks as you move away! The bat closely misses you.
The kobold attacks as you move away! The kobold completely misses you.
The bat barely misses you. The goblin barely misses you.
Throw: 3 darts (curare)
Press: ? - help, Shift-Dir - straight line, f - frilled lizard
Aim: a frilled lizard (44% to hit)
You throw a curare-tipped dart.
The curare-tipped dart closely misses the frilled lizard.
The kobold shouts!
The bat barely misses you. The kobold hits you with a +0 dagger.
The frilled lizard bites you. The goblin completely misses you.
A goblin comes into view. It is wielding a +0 dagger.
Throw: 2 darts (curare)
Press: ? - help, Shift-Dir - straight line, f/p - frilled lizard
Aim: a frilled lizard (44% to hit)
You throw a curare-tipped dart.
The curare-tipped dart hits the frilled lizard.
The frilled lizard is poisoned.
The frilled lizard convulses.
You kill the frilled lizard!
The goblin shouts!
The bat misses you. The kobold hits you with a +0 dagger.
* * * LOW HITPOINT WARNING * * *
A rat comes into view.
The goblin hits you but does no damage.
You hit the gnoll.
The gnoll is severely wounded.
The kobold barely misses you. The gnoll hits you with a +0 club.
* * * LOW HITPOINT WARNING * * *
The bat hits you but does no damage. The goblin hits you with a +0 club.
You die...

......?...#####+##
.....#.##.#.......
............#.......
.......))...#..⌠...⌠
..........†...#.......
...........##.'....<..
..........#####.......
.$........# #..⌠...⌠
#...g@...## #.......
....bgK.... #.......
#.....K.... #####'##
....gr#..## #..#
.(........ #.##
.......# #.# # #.#
..####.### ..........


You could see a gnoll, 2 goblins, a bat, 2 kobolds and a rat.

Vanquished Creatures
  A giant cockroach (D:1)
  2 goblins (D:1)
  A hobgoblin (D:1)
  A quokka (D:1)
  4 ball pythons (D:1)
  2 frilled lizards (D:1)
  A kobold (D:1)
  2 rats (D:1)
14 creatures vanquished.

Notes
Turn   | Place    | Note
-------+----------+-------------------------------------------
     0 | D:1      | purpskrrrp the Kobold Brigand began the quest for the Orb.
     0 | D:1      | Reached XP level 1. HP: 12/12 MP: 1/1
   123 | D:1      | Reached XP level 2. HP: 18/18 MP: 2/2
   226 | D:1      | Slain by a goblin

Illustrated notes

Levels and vault maps discovered:
D:1:      mushboom_english_gardens, layout_rooms

Skill      XL: |  1 |
---------------+----+-----
Short Blades   | 3 |  3.3
Fighting       | |  2.4
Throwing       | |  2.1
Dodging        | |  1.6
Stealth        | |  5.5

Action                   || total
-------------------------++-------
Melee: Dagger            ||    43
Throw: Dart              ||     2
 Stab: Sleeping          ||     1
Armor: Robe              ||    15
Dodge: Dodged            ||    41

Table legend: (Time is in decaauts)
 A = Elapsed time spent in this place.
 B = Non-inter-level travel time spent in this place.
 C = Inter-level travel time spent in this place.
 D = Time resting spent in this place.
 E = Time spent auto-exploring this place.
 F = Levels seen in this place.
 G = Mean time per level.
                   A        B        C        D        E       F      G
               +--------+--------+--------+--------+--------+-----+--------+
         Total |    219 |    219 |      0 |      0 |    136 |   1 |  219.0 |
       Dungeon |    219 |    219 |      0 |      0 |    136 |   1 |  219.0 |
               +--------+--------+--------+--------+--------+-----+--------+

Top non-repeatable levels by time:
     D:1: 219 daAuts
